 Dungeon Crawl Stone Soup version 0.28-a0-831-g025dcb7 (webtiles) character file.

Game seed: 10991049768399127703

8225 MattytheCrawler the Cleaver (level 11, -5/100 HPs)
             Began as a Deep Dwarf Fighter on Nov 10, 2021.
             Was an Elder of Qazlal.
             Slain by a merfolk (54 damage)
             ... on level 1 of the Shoals.
             The game lasted 00:33:11 (6163 turns).

MattytheCrawler the Cleaver (Deep Dwarf Fighter)    Turns: 6163, Time: 00:33:12

Health: -5/100     AC:  8    Str: 23    XL:     11   Next: 7%
Magic:  2/2        EV: 18    Int:  9    God:    Qazlal [****..]
Gold:   701        SH:  0    Dex: 12    Spells: 10/10 levels left

rFire   . . .      SeeInvis .   J - +2 glaive (freeze)
rCold   . . .      Faith    .   (shield currently unavailable)
rNeg    . . .      Spirit   .   K - +0 steam dragon scales
rPois   .          Reflect  .   (no helmet)
rElec   .          Harm     .   D - +0 cloak
rCorr   .          Rampage  .   k - +0 pair of gloves
Will    +....                   (no boots)
Stlth   +.........              i - amulet of the acrobat
HPRegen 0.00/turn               j - ring of wizardry
MPRegen 0.08/turn               c - +4 ring of evasion

@: sleeping, engulfed (cannot breathe), mesmerised, repel missiles
A: damage resistance, heal wounds, sense surroundings 2, no regeneration
a: Heal Wounds, Renounce Religion, Upheaval, Elemental Force


You were on level 1 of the Shoals.
You worshipped Qazlal.
Qazlal was greatly pleased with you.
You visited 4 branches of the dungeon, and saw 12 of its levels.
You also visited: Ossuary.

You collected 701 gold pieces.

Inventory:

Hand Weapons
 a - the +5 whip "Gaogh" {drain, *Slow rC++}
   (You found it on level 8 of the Dungeon)

   A truly terrible weapon, it drains the life of any living foe it strikes.
   rC:        It greatly protects you from cold.
   *Slow:     It may slow you when you take damage.
 r - a +2 great mace of protection
 J - a +2 glaive of freezing (weapon)
Armour
 k - a +0 pair of gloves (worn)
 D - a +0 cloak (worn)
 K - +0 steam dragon scales (worn)
Jewellery
 b - an amulet of faith
 c - a +4 ring of evasion (right hand)
 h - an amulet of magic regeneration
 i - an amulet of the acrobat (around neck)
 j - a ring of wizardry (left hand)
 t - an amulet of the acrobat
 v - an amulet of guardian spirit
 L - a ring of protection from fire
Wands
 E - a wand of paralysis (20)
 N - a wand of flame (10)
Scrolls
 e - 3 scrolls of fog {unknown}
 m - 5 scrolls of identify {unknown}
 n - 4 scrolls of teleportation {unknown}
 p - a scroll of fear {unknown}
 s - a scroll of amnesia {unknown}
 u - 5 scrolls of magic mapping {unknown}
 w - 3 scrolls of blinking {unknown}
 y - 3 scrolls of enchant weapon {unknown}
 B - 2 scrolls of vulnerability {unknown}
 C - a scroll of noise {unknown}
 F - a scroll of holy word {unknown}
 G - 2 scrolls of enchant armour {unknown}
 H - 2 scrolls of immolation {unknown}
 O - a scroll of torment {unknown}
Potions
 d - a potion of might
 f - 2 potions of cancellation {unknown}
 g - 2 potions of brilliance {unknown}
 o - 2 potions of curing
 q - a potion of berserk rage {unknown}
 x - a potion of attraction {unknown}
 z - 2 potions of invisibility {unknown}
 A - a potion of haste {unknown}
 I - a potion of flight {unknown}
 M - a potion of ambrosia {unknown}


   Skills:
 + Level 7.1 Fighting
 + Level 9.3(11.2) Axes
 + Level 8.2(9.7) Polearms
 + Level 6.2 Armour
 + Level 6.3 Dodging
 + Level 2.0 Stealth
 + Level 7.1 Shields


You had 10 spell levels left.
You didn't know any spells.
Your spell library contained the following spells:

 Spells                   Type           Power      Damage    Failure   Level
 Beastly Appendage        Tmut           0%         N/A       16%         1
 Sandblast                Erth           0%         2d4       16%         1
 Passwall                 Tmut/Erth      0%         N/A       24%         2
 Wereblood                Tmut           0%         N/A       24%         2
 Call Canine Familiar     Summ           0%         N/A       43%         3
 Conjure Flame            Conj/Fire      0%         6-21      43%         3
 Dazzling Flash           Conj/Hex       0%         N/A       43%         3
 Ignite Poison            Fire/Tmut/Pois 0%         N/A       43%         3
 Portal Projectile        Hex/Tloc       0%         N/A       43%         3
 Spider Form              Tmut/Pois      0%         N/A       43%         3
 Stone Arrow              Conj/Erth      0%         3d7       43%         3
 Iskenderun's Mystic Bla  Conj/Tloc      0%         2d3       82%         4
 Leda's Liquefaction      Hex/Erth       0%         N/A       82%         4
 Petrify                  Tmut/Erth      0%         N/A       82%         4
 Sticky Flame             Conj/Fire      0%         2d3       82%         4
 Metabolic Englaciation   Hex/Ice        0%         N/A       98%         5
 Starburst                Conj/Fire      0%         6d3       100%        6
 Statue Form              Tmut/Erth      0%         N/A       100%        6


Dungeon Overview and Level Annotations

Branches:
Dungeon (8/15)             Temple (1/1) D:4            Lair (2/6) D:8
 Shoals (1/4) Lair:2      Ossuary (visited)
  Snake: Lair:2-4    Spider: Lair:2-4

Altars:
Ashenzari
Cheibriados
Dithmenos
Elyvilon
Fedhas
Gozag
Hepliaklqana
Kikubaaqudgha
Nemelex Xobeh
Okawaru
Qazlal
Ru
Sif Muna
Trog
Uskayaw
Vehumet
Wu Jian
Xom
Zin
The Shining One

Shops:
D:1 *


Innate Abilities, Weirdness & Mutations

You are resistant to damage.
You can heal yourself by infusing magical energy.
You passively map the area around you.
You do not regenerate.


Message History

The water elemental is engulfed in freezing vapours.
The dream sheep ruffle their wool and motes of dream dust sparkle, to no effect.
The snapping turtle misses you.
The merfolk aquamancer hits you with a +1 rapier of electrocution!
The merfolk closely misses you. The water elemental barely misses you.
The merfolk throws a boomerang.
The boomerang misses you.
The water elemental is engulfed in freezing vapours.
You slip free of the water engulfing you.
Found a potion of might and a fizzy red potion.
You gasp with relief as air once again reaches your lungs.
You hear a screech!
A harpy comes into view.
The water elemental is engulfed in freezing vapours.
You destroy the water elemental!
Qazlal accepts your kill. You block the snapping turtle's attack.
The water elemental is engulfed in freezing vapours.
You destroy the water elemental!
Qazlal accepts your kill.
The merfolk avatar chants a haunting song.
You are mesmerised by the merfolk avatar!
The snapping turtle barely misses you.
The merfolk is engulfed in freezing vapours.
The merfolk misses you.
The merfolk avatar chants its luring song.
You hit the merfolk aquamancer. You freeze the merfolk aquamancer.
The merfolk aquamancer is heavily wounded.
You hear a screech!
The merfolk closely misses you.
The merfolk aquamancer hits you with a +1 rapier of electrocution.
You are electrocuted!!
The snapping turtle closely misses you. The water elemental hits you.
The water elemental engulfs you in water!
The merfolk is engulfed in freezing vapours.
The merfolk closely misses you.
The dream sheep shake their wool and sparkle.
You feel drowsy...
You fall asleep.
The merfolk hits you from afar with a +0 trident of flaming!!!
Ouch! That really hurt!
You die...

≈ ≈≈ ##.....≈≈≈≈≈≈≈≈ ≈≈
, ##§...≈≈≈≈≈≈≈≈ ≈ .##
#..≈≈≈≈≈≈≈≈≈≈ ≈ ...###
##Y.≈≈≈≈≈≈≈≈≈≈ ....P.#
##..≈≈≈≈≈≈≈≈P≈. ≈
.!...PP###Y..≈≈≈≈≈≈≈≈P≈.
≈
≈....≈PP.PmC..≈≈≈≈≈≈PP≈
≈≈≈≈ ,
≈..P≈≈≈PPm≈.PPP≈≈≈≈P# ≈
...≈≈≈.@mHtPPPP≈≈≈P# ≈
.!.≈≈§≈☼Et..PP≈≈≈≈P. ,,
≈≈
...≈≈≈≈○≈≈PPPP≈≈≈P≈≈≈,,
≈ ,...≈≈≈≈≈≈≈≈≈≈≈≈≈≈≈P≈
, , ≈..>..≈≈.m≈≈≈≈≈≈≈≈≈≈
, , ......≈≈..≈≈≈≈≈≈≈
..###....$....≈≈. ≈ , ..
#.≈≈≈≈≈...≈. , ≈ ,, , ≈
* ,


You could see a merfolk avatar (mesmerising), a merfolk aquamancer, 2 snapping
turtles, 2 merfolk, a cyclops, a water elemental, a harpy and 2 dream sheep.

Vanquished Creatures
  A two-headed ogre (D:8)
  2 elephants (Lair:2)
  A black mamba (Lair:1)
  A merfolk siren (Lair:2)
  Maggie (D:7)
  5 cane toads (Lair:1)
  2 dream sheep (Shoals:1)
  Sigmund (D:6)
  3 water elementals (Shoals:1)
  A wyvern (D:8)
  5 yaks (Lair:1)
  A basilisk (Lair:1)
  2 water moccasins (Lair:1)
  An ice beast (D:6)
  A black bear (D:2)
  A sky beast (D:3)
  An ogre (D:6)
  2 necrophages (D:5)
  3 centaurs
  3 wolves (Lair:1)
  A kobold brigand (D:8)
  4 bullfrogs
  A wyvern skeleton (D:5)
  5 killer bees (D:7)
  2 howler monkeys (D:7)
  A bullfrog zombie (D:5)
  2 centaur zombies
  A centaur skeleton (D:6)
  A gnoll shaman (D:7)
  A hound (D:7)
  An orc priest (D:7)
  An iguana (D:7)
  A scorpion zombie (D:5)
  Natasha (thrice) (D:4)
  7 orc wizards
  A killer bee zombie (D:8)
  8 mummies (Ossuary)
  4 gnolls (D:7)
  5 adders
  3 white imps
  An ufetubus (D:4)
  An adder skeleton (D:4)
  3 worms
  2 dart slugs
  17 orcs
  4 ball pythons
  9 endoplasms
  5 giant cockroaches
  A gnoll zombie (Ossuary)
  2 goblins
  8 hobgoblins
  11 kobolds
  2 quokkas
  4 bats
  A frilled lizard (D:1)
  2 hobgoblin zombies (Ossuary)
  3 kobold zombies (Ossuary)
  2 orc zombies (Ossuary)
  3 rats
172 creatures vanquished.

Vanquished Creatures (others)
  A fungus (Lair:1)
  7 plants
8 creatures vanquished.

Grand Total: 180 creatures vanquished

Notes
Turn   | Place    | Note
-------+----------+-------------------------------------------
     0 | D:1      | MattytheCrawler the Deep Dwarf Fighter began the quest for
                  | the Orb.
     0 | D:1      | Reached XP level 1. HP: 20/20 MP: 1/1
   323 | D:1      | Reached XP level 2. HP: 27/27 MP: 2/2
   459 | D:1      | Found Niuhamuo's General Store.
   654 | D:1      | Upgraded the game from 0.28-a0-829-g1410851 to
                  | 0.28-a0-831-g025dcb7
   897 | D:2      | Found a faded altar of an unknown god.
   914 | D:2      | Prayed at the altar of an unknown god.
   914 | D:2      | Became a worshipper of Qazlal Stormbringer
   914 | D:2      | Reached * piety under Qazlal
  1070 | D:2      | Reached XP level 3. HP: 24/34 MP: 3/3
  1200 | D:2      | Reached skill level 3 in Axes
  1309 | D:2      | Noticed a black bear
  1316 | D:2      | Killed a black bear
  1317 | D:2      | Reached skill level 4 in Axes
  1317 | D:2      | Reached skill level 1 in Dodging
  1317 | D:2      | Reached XP level 4. HP: 28/42 MP: 4/4
  1317 | D:2      | Reached XP level 5. HP: 33/49 MP: 5/5
  1407 | D:2      | Reached ** piety under Qazlal
  1564 | D:3      | Found an ornate altar of the Wu Jian Council.
  1588 | D:3      | Noticed a sky beast
  1607 | D:3      | Killed a sky beast
  1813 | D:3      | Reached XP level 6. HP: 51/57 MP: 6/6
  2172 | D:4      | Found a staircase to the Ecumenical Temple.
  2179 | Temple   | Entered the Ecumenical Temple
  2257 | D:4      | Noticed Natasha
  2266 | D:4      | Killed Natasha
  2304 | D:4      | Reached skill level 5 in Axes
  2477 | D:4      | Noticed Natasha
  2486 | D:4      | Killed Natasha
  2695 | D:4      | Noticed Natasha
  2703 | D:4      | Killed Natasha
  2815 | D:5      | Entered Level 5 of the Dungeon
  2815 | D:5      | Found a sand-covered staircase.
  2824 | Ossuary  | Entered an ossuary
  2834 | Ossuary  | Reached *** piety under Qazlal
  2873 | Ossuary  | Reached XP level 7. HP: 45/64 MP: 6/6
  2895 | Ossuary  | Reached skill level 6 in Axes
  3391 | D:5      | Reached skill level 7 in Axes
  3751 | D:6      | Reached XP level 8. HP: 72/73 MP: 5/5
  3765 | D:6      | Found a blossoming altar of Fedhas.
  3765 | D:6      | Found a broken altar of Ashenzari.
  3854 | D:6      | Reached skill level 5 in Armour
  3870 | D:6      | Reached skill level 8 in Axes
  4185 | D:6      | Noticed Sigmund
  4209 | D:6      | Killed Sigmund
  4210 | D:6      | Reached skill level 5 in Fighting
  4210 | D:6      | Reached skill level 5 in Shields
  4273 | D:7      | Noticed Maggie
  4287 | D:7      | Reached skill level 9 in Axes
  4324 | D:7      | Killed Maggie
  4325 | D:7      | Gained mutation: You passively map the area around you.
                  | [Deep Dwarf growth]
  4325 | D:7      | Reached XP level 9. HP: 45/81 MP: 5/5
  4363 | D:7      | Found a hide-covered altar of Uskayaw.
  4363 | D:7      | Noticed a +0 dagger
  4363 | D:7      | Noticed a +0 short sword
  4363 | D:7      | Noticed a +0 short sword
  4364 | D:7      | Noticed a +0 spear
  4364 | D:7      | Noticed a +0 dagger
  4365 | D:7      | Noticed a +0 falchion
  4365 | D:7      | Noticed a +0 spear
  4365 | D:7      | Noticed a +0 falchion
  4466 | D:7      | Reached **** piety under Qazlal
  4702 | D:7      | Found a stormy altar of Qazlal.
  4851 | D:8      | Found a radiant altar of Vehumet.
  4961 | D:8      | Identified the +5 whip "Gaogh" {drain, *Slow rC++}
  5032 | D:8      | Noticed a catoblepas
  5032 | D:8      | Noticed a centaur warrior
  5032 | D:8      | Noticed a gargoyle
  5032 | D:8      | Noticed a jumping spider
  5033 | D:8      | Noticed a six-headed hydra
  5033 | D:8      | Noticed a boulder beetle
  5033 | D:8      | Noticed a troll
  5033 | D:8      | Noticed a manticore
  5052 | D:8      | Noticed a cyclops
  5056 | D:8      | Noticed an orb spider
  5067 | D:8      | Noticed a wind drake
  5172 | D:8      | Reached skill level 1 in Stealth
  5277 | D:8      | Reached skill level 1 in Polearms
  5313 | D:8      | Found a shadowy altar of Dithmenos.
  5313 | D:8      | Noticed a two-headed ogre
  5322 | D:8      | Killed a two-headed ogre
  5363 | D:8      | Found a shimmering blue altar of Sif Muna.
  5472 | D:8      | Found a staircase to the Lair.
  5478 | Lair:1   | Entered Level 1 of the Lair of Beasts
  5483 | Lair:1   | Noticed a cane toad
  5491 | Lair:1   | Noticed a cane toad
  5495 | Lair:1   | Killed a cane toad
  5509 | Lair:1   | Killed a cane toad
  5510 | Lair:1   | Reached skill level 5 in Polearms
  5510 | Lair:1   | Reached XP level 10. HP: 63/91 MP: 2/2
  5554 | Lair:1   | Found a bloodstained altar of Trog.
  5555 | Lair:1   | Noticed a cane toad
  5561 | Lair:1   | Killed a cane toad
  5561 | Lair:1   | Noticed a cane toad
  5562 | Lair:1   | Reached skill level 5 in Dodging
  5570 | Lair:1   | Killed a cane toad
  5727 | Lair:1   | Noticed a cane toad
  5729 | Lair:1   | Noticed a black mamba
  5768 | Lair:1   | Killed a cane toad
  5773 | Lair:1   | Killed a black mamba
  6023 | Lair:2   | Noticed an elephant
  6024 | Lair:2   | Noticed an elephant
  6034 | Lair:2   | Noticed a merfolk siren
  6044 | Lair:2   | Killed a merfolk siren
  6048 | Lair:2   | Found a staircase to the Shoals.
  6059 | Lair:2   | Killed an elephant
  6070 | Lair:2   | Killed an elephant
  6093 | Shoals:1 | Entered Level 1 of the Shoals
  6096 | Shoals:1 | Noticed a cyclops
  6110 | Shoals:1 | Reached XP level 11. HP: 77/100 MP: 2/2
  6140 | Shoals:1 | Noticed a merfolk aquamancer
  6157 | Shoals:1 | Noticed a merfolk avatar
  6161 | Shoals:1 | Noticed a harpy
  6163 | Shoals:1 | Slain by a merfolk

Illustrated notes

Levels and vault maps discovered:
D:1:      minmay_arrival_five_plusses, layout_basic, serial_shops, shop,
          kennysheep_small_spiral, kennysheep_crisscross
D:2:      layout_loops_cross, shapermc_ecumenical_altar_starsandcircs,
          minmay_close_crescents
D:3:      layout_loops_ring, general_overflow_altar, kennysheep_generic_room_12
D:4:      layout_cave_pools, temple_green, uniq_natasha
D:5:      layout_gridville, nicolae_ossuary_entry_monument
D:6:      layout_rooms, gammafunk_temple_overflow_elements,
          chequers_serial_rivers_small_b, nrook_uturn, uniq_sigmund
D:7:      layout_rooms, grunt_qazlal_clouds, nicolae_uskayaw_en_pointe,
          uniq_maggie
D:8:      layout_loops_ring, mainiacjoe_overflow_two_lobes,
          nicolae_vehumet_radiance, lair_entry_dummy, minivault_12
Temple:   eino_narrow_crystal_temple
Lair:1:   layout_hall_layers, basic_altar, grunt_megastairs_4
Lair:2:   layout_chaotic_city, minmay_shoals_entry_lonely_mermaid, minivault_27,
          serial_bayou_pond_a
Shoals:1: layout_shoals, nicolae_shoals_secluded_bog

Skill      XL: |  1  2  3  4  5  6  7  8  9 10 |
---------------+-------------------------------+-----
Fighting       | 3 4 5 6 7 |  7.1
Axes           | 4 5 7 9 |  9.3
Armour         | 4 6 |  6.2
Dodging        | 1 2 4 6 |  6.3
Shields        | 4 5 6 7 |  7.1
Stealth        | 2 |  2.0
Polearms       | 5 8 |  8.2

Action                   |  1- 3 |  4- 6 |  7- 9 | 10-12 || total
-------------------------+-------+-------+-------+-------++-------
Melee: War axe           |    93 |   138 |   203 |       ||   434
       Glaive            |       |       |    81 |    72 ||   153
 Abil: Heal Wounds       |     3 |     6 |    20 |    15 ||    44
  Use: Potion            |       |       |       |     7 ||     7
Armor: Scale mail        |    37 |    42 |    65 |       ||   144
       Steam dragon scal |       |       |    42 |    22 ||    64
Dodge: Dodged            |    65 |    73 |   238 |   141 ||   517
       Repelled          |       |       |     1 |     1 ||     2
Block: Buckler           |    28 |    43 |   164 |       ||   235
       Other             |       |       |    18 |    45 ||    63

Table legend: (Time is in decaauts)
 A = Elapsed time spent in this place.
 B = Non-inter-level travel time spent in this place.
 C = Inter-level travel time spent in this place.
 D = Time resting spent in this place.
 E = Time spent auto-exploring this place.
 F = Levels seen in this place.
 G = Mean time per level.
                   A        B        C        D        E       F      G
               +--------+--------+--------+--------+--------+-----+--------+
         Total |   6333 |   6204 |    129 |    100 |   2509 |  13 |  487.2 |
       Dungeon |   5309 |   5194 |    115 |    100 |   2400 |   8 |  663.6 |
        Temple |     74 |     74 |      0 |      0 |      0 |   1 |   74.0 |
          Lair |    656 |    642 |     14 |      0 |     97 |   2 |  328.0 |
        Shoals |     83 |     83 |      0 |      0 |      0 |   1 |   83.0 |
       Ossuary |    210 |    210 |      0 |      0 |     12 |   1 |  210.0 |
               +--------+--------+--------+--------+--------+-----+--------+

Top non-repeatable levels by time:
     D:1: 874 daAuts
     D:4: 717 daAuts
     D:5: 700 daAuts
     D:8: 674 daAuts
     D:2: 639 daAuts
     D:7: 591 daAuts
     D:3: 574 daAuts
  Lair:1: 567 daAuts
     D:6: 536 daAuts
 Ossuary: 210 daAuts
  Lair:2: 88 daAuts
Shoals:1: 83 daAuts
  Temple: 74 daAuts
